cohdb
Replays
Latest Replays
All Replays
Popular Replays
Top Player Replays
Match Explorer
How It Works
Community
CoH3 Stats
Reddit
Sign in to upload your games and track your stats! →
Sign in with Steam
Match 45200090
Unlisted
Match 45200090
Overview
Messages
Build Orders
End
Construct Infanterie Kompanie
Selects Breakthrough Battlegroup
Selects Assault Grenadiers
Grenadier Squad
Grenadier Squad
Construct Panzergrenadier Kompanie
Panzergrenadier Squad
Panzergrenadier Squad
Panzergrenadier Officer Quarters
Pak 40 Anti-tank Gun Team
Grenadier Squad
Panzergrenadier Squad
Medical Station
Support Elements
Selects Rapid Production
Selects Blitzkrieg
StuG III G Assault Gun
Panzergrenadier Squad
StuG III G Assault Gun
Seocheon
콯종원
AndreiM2006
USA USA USA
0
0
Comments
sign in to comment!
No comments posted yet!